 Dungeon Crawl Stone Soup version 0.29.1-15-g9cfb28693d (webtiles) character file.

Game seed: 17439113772103217079

12653 henkyspanky the Basher (level 11, -6/99 HPs)
             Began as a Minotaur Fighter on Mar 18, 2023.
             Mangled by a yak (12 damage)
             ... on level 11 of the Dungeon.
             The game lasted 00:36:34 (13785 turns).

henkyspanky the Basher (Minotaur Fighter)          Turns: 13785, Time: 00:36:34

Health: -6/99      AC: 12    Str: 25    XL:     11   Next: 65%
Magic:  8/8        EV: 12    Int: 10    God:
Gold:   594        SH:  5    Dex: 10    Spells: 10/10 levels left

rFire   . . .      SeeInvis .   E - +6 mace "Utekemiaty" {vorpal, Fly Int+5}
rCold   . . .      Faith    .   c - +0 buckler
rNeg    . . .      Spirit   .   b - +2 scale mail
rPois   .          Reflect  .   (helmet restricted)
rElec   .          Harm     .   x - scarf {repulsion}
rCorr   .          Rampage  .   e - +0 pair of gloves
Will    .....      Clarity  +   (no boots)
Stlth   ..........              (no amulet)
HPRegen 0.26/turn               (no ring)
MPRegen 0.11/turn               (no ring)

@: flying, repel missiles
A: horns 2, retaliatory headbutt, clarity, low MP 1, MP-powered wands
a: no special abilities


You were on level 11 of the Dungeon.
You visited 1 branch of the dungeon, and saw 11 of its levels.

You collected 594 gold pieces.

Inventory:

Hand Weapons
 f - a +1 whip of venom
 i - a +2 whip of flaming
 p - a +1 short sword of electrocution
 r - a +4 mace of freezing
 u - a +0 giant club
 C - a +4 dire flail
 E - the +6 mace "Utekemiaty" (weapon) {vorpal, Fly Int+5}
   (You took it off an orc warrior on level 9 of the Dungeon)

   It inflicts extra damage upon your enemies.
   Int:       It affects your intelligence (+5).
   Fly:       It grants you flight.
Missiles
 n - 21 poisoned darts
 G - 2 throwing nets (quivered)
Armour
 b - a +2 scale mail (worn)
 c - a +0 buckler (worn)
 e - a +0 pair of gloves (worn)
 s - a +0 scale mail
 x - a scarf of repulsion (worn)
 D - +0 steam dragon scales
 F - a +0 plate armour
Jewellery
 a - an amulet of faith
 l - a ring of wizardry
Wands
 m - a wand of paralysis (9)
 o - a wand of flame (23)
 q - a wand of quicksilver (21)
 y - a wand of roots (8)
Scrolls
 g - a scroll of torment
 j - 4 scrolls of amnesia
 t - a scroll of immolation
 w - 3 scrolls of teleportation
 z - a scroll of vulnerability
 A - a scroll of silence
 H - a scroll of summoning
 I - 2 scrolls of identify
Potions
 d - 2 potions of might
 h - 5 potions of curing
 k - 4 potions of attraction
 v - a potion of brilliance
 B - a potion of heal wounds


   Skills:
 + Level 9.9 Fighting
 + Level 13.0 Maces & Flails
 + Level 0.8 Throwing
 + Level 12.1 Armour
 + Level 7.0 Dodging
 + Level 2.3 Stealth
 + Level 7.6 Shields
 + Level 1.3 Evocations


You had 10 spell levels left.
You didn't know any spells.
Your spell library contained the following spells:

 Spells                   Type           Power      Damage    Failure   Level
 Ensorcelled Hibernation  Hex/Ice        0%         N/A       80%         2
 Passwall                 Tmut/Erth      0%         N/A       80%         2
 Call Canine Familiar     Summ           0%         N/A       95%         3
 Portal Projectile        Hex/Tloc       0%         N/A       95%         3
 Swiftness                Air            0%         N/A       95%         3
 Tukima's Dance           Hex            0%         N/A       95%         3
 Anguish                  Hex/Necr       0%         N/A       100%        4
 Animate Armour           Summ/Erth      0%         N/A       100%        4
 Leda's Liquefaction      Hex/Erth       0%         N/A       100%        4
 Passage of Golubria      Tloc           0%         N/A       100%        4
 Blade Hands              Tmut           0%         N/A       100%        5
 Yara's Violent Unravell  Hex/Tmut       0%         3d3       100%        5
 Iron Shot                Conj/Erth      0%         9d1       100%        6
 Enfeeble                 Hex            0%         N/A       100%        7


Dungeon Overview and Level Annotations

Branches:
Dungeon (11/15)            Temple (0/1) D:4            Lair (0/5) D:10
    Orc (0/2) D:10

Altars:
Dithmenos
Sif Muna
Uskayaw
Vehumet
Xom
Zin

Shops:
D:6 (


Innate Abilities, Weirdness & Mutations

You have a pair of horns on your head.
You reflexively headbutt those who attack you in melee.
You possess an exceptional clarity of mind.
Your magical capacity is low. (-10% MP)
You expend magic power (3 MP) to strengthen your wands.


Message History

The yak gores you! The yak closely misses you.
The yak gores you but does no damage. The yak barely misses you.
You are too injured to fight recklessly!
You are too injured to fight recklessly!
You are too injured to fight recklessly!
You are too injured to fight recklessly!
You are too injured to fight recklessly!
You hit the yak.
The yak is lightly wounded.
You hit the yak.
The yak is lightly wounded.
The yak gores you but does no damage. You block the yak's attack.
The yak gores you but does no damage. The yak closely misses you.
You hit the yak but do no damage. You headbutt the yak.
The yak is lightly wounded.
The yak gores you. The yak gores you! The yak misses you.
You block the yak's attack.
You sock the yak!
The yak is moderately wounded.
The yak gores you but does no damage. You block the yak's attack.
The yak gores you but does no damage. x2
You hit the yak.
The yak is heavily wounded.
The yak gores you but does no damage. The yak gores you. x2
* * * LOW HITPOINT WARNING * * *
The yak gores you but does no damage.
You sock the yak!
The yak is severely wounded.
You hit the yak.
The yak is severely wounded.
You block the yak's attack. The yak gores you!
* * * LOW HITPOINT WARNING * * *
The yak misses you. You furiously retaliate!
You headbutt the yak! The yak gores you but does no damage.
You sock the yak!
You kill the yak!
The yak gores you!
* * * LOW HITPOINT WARNING * * *
The yak barely misses you. The yak gores you!
You die...

#. #... ... # #...
...###########.. #...
................# #...
#..............## #...
#.............$.. .....
#................ .....
#....YYY......... #.
#.....@.......... #..
#................
#..######................
#.........................
#..>.......................
#..........#####..#######
#. #..........# #..# #..
#..........#####..# #...#
#.................# #..yy


You could see 3 yaks.

Vanquished Creatures
  A two-headed ogre (D:10)
  A centaur warrior (D:11)
  An ugly thing (D:7)
  A cyclops (D:11)
  Grinder (D:6)
  A troll (D:8)
  2 hornets
  18 yaks
  2 wraiths
  4 wyverns (D:10)
  2 steam dragons
  6 vampire mosquitoes (D:11)
  6 water moccasins
  2 orc warriors
  3 ice beasts
  2 sky beasts (D:7)
  7 black bears
  4 ogres
  2 wolves (D:10)
  2 centaurs (D:10)
  A phantom (D:4)
  2 kobold brigands
  8 bullfrogs
  3 necrophages (D:7)
  3 gnoll sergeants
  11 wights
  11 killer bees
  2 howler monkeys
  5 hounds
  2 orc priests
  2 jellies
  3 iguanas
  8 orc wizards
  9 adders
  14 gnolls
  3 shadow imps
  2 worms (D:6)
  A dart slug (D:3)
  29 orcs
  9 ball pythons
  11 endoplasms
  4 giant cockroaches
  11 goblins
  3 hobgoblins
  10 jackals
  11 kobolds
  6 quokkas
  5 bats
  5 frilled lizards
  3 rats
265 creatures vanquished.

Vanquished Creatures (others)
  2 fungi (D:10)
  5 plants (D:10)
7 creatures vanquished.

Grand Total: 272 creatures vanquished

Notes
Turn   | Place    | Note
-------+----------+-------------------------------------------
     0 | D:1      | henkyspanky the Minotaur Fighter began the quest for the
                  | Orb.
     0 | D:1      | Reached XP level 1. HP: 19/19 MP: 0/0
    23 | D:1      | Reached XP level 2. HP: 22/27 MP: 1/1
   320 | D:1      | Found a faded altar of an unknown god.
   326 | D:1      | Reached XP level 3. HP: 33/33 MP: 2/2
   617 | D:1      | Reached skill level 3 in Maces & Flails
  1142 | D:2      | Reached XP level 4. HP: 38/40 MP: 3/3
  2023 | D:3      | Reached skill level 4 in Maces & Flails
  2567 | D:3      | Found a shadowy altar of Dithmenos.
  2576 | D:3      | Found a glowing silver altar of Zin.
  2630 | D:4      | Reached XP level 5. HP: 46/46 MP: 4/4
  2650 | D:4      | Reached skill level 5 in Armour
  2664 | D:4      | Reached skill level 1 in Dodging
  2767 | D:4      | Reached XP level 6. HP: 5/53 MP: 5/5
  2985 | D:4      | Found a staircase to the Ecumenical Temple.
  3094 | D:4      | Reached skill level 5 in Maces & Flails
  3435 | D:5      | Entered Level 5 of the Dungeon
  3498 | D:5      | Reached XP level 7. HP: 33/60 MP: 6/6
  3528 | D:5      | Reached skill level 5 in Fighting
  3528 | D:5      | Reached skill level 6 in Maces & Flails
  3533 | D:5      | Gained mutation: Your mind is acute. (Int +4, Str/Dex -1)
                  | [potion of mutation]
  4274 | D:5      | Found a hide-covered altar of Uskayaw.
  4274 | D:5      | Noticed a +0 dagger
  4276 | D:5      | Noticed a +0 short sword
  4276 | D:5      | Noticed a +0 spear
  4276 | D:5      | Noticed a +0 spear
  4277 | D:5      | Noticed a +0 short sword
  4277 | D:5      | Noticed a +0 dagger
  4279 | D:5      | Noticed a +0 falchion
  4280 | D:5      | Noticed a +0 falchion
  4297 | D:5      | Reached skill level 7 in Maces & Flails
  4475 | D:5      | Found a shimmering altar of Xom.
  4603 | D:6      | Found a shimmering blue altar of Sif Muna.
  4620 | D:6      | Noticed Grinder
  4631 | D:6      | Paralysed by Grinder for 4 turns
  4639 | D:6      | Killed Grinder
  4640 | D:6      | Reached skill level 5 in Shields
  4640 | D:6      | Reached XP level 8. HP: 36/70 MP: 7/7
  4845 | D:6      | Reached skill level 8 in Maces & Flails
  5081 | D:6      | Found Esya's Weapon Emporium.
  5130 | D:6      | Reached skill level 1 in Stealth
  5239 | D:6      | Found a glowing drain.
  5812 | D:7      | Reached skill level 9 in Maces & Flails
  6075 | D:7      | Reached XP level 9. HP: 71/78 MP: 8/8
  6336 | D:7      | Reached skill level 10 in Maces & Flails
  6468 | D:7      | Noticed a purple ugly thing
  6495 | D:7      | Killed a purple ugly thing
  6505 | D:7      | Reached skill level 5 in Dodging
  6538 | D:7      | Lost mutation: Your mind is acute. (Int +4, Str/Dex -1)
                  | [potion of mutation]
  6538 | D:7      | Gained mutation: Your magical capacity is low. (-10% MP)
                  | [potion of mutation]
  6538 | D:7      | Gained mutation: You expend magic power (3 MP) to
                  | strengthen your wands. [potion of mutation]
  6538 | D:7      | Gained mutation: You possess an exceptional clarity of
                  | mind. [potion of mutation]
  7058 | D:8      | Reached XP level 10. HP: 57/86 MP: 8/8
  7074 | D:8      | Reached skill level 11 in Maces & Flails
  7483 | D:8      | Reached skill level 10 in Armour
  8838 | D:9      | Found a radiant altar of Vehumet.
  9353 | D:9      | Identified the +6 mace "Utekemiaty" {vorpal, Fly Int+5}
 10154 | D:10     | Entered Level 10 of the Dungeon
 10156 | D:10     | Noticed a two-headed ogre
 10168 | D:10     | Killed a two-headed ogre
 10169 | D:10     | Reached skill level 12 in Maces & Flails
 10169 | D:10     | Reached skill level 1 in Evocations
 10169 | D:10     | Reached XP level 11. HP: 62/95 MP: 8/8
 10327 | D:10     | Found a staircase to the Orcish Mines.
 11164 | D:10     | Found a staircase to the Lair.
 12152 | D:11     | Noticed a cyan ugly thing
 12600 | D:11     | Noticed a centaur warrior
 13466 | D:11     | Killed a centaur warrior
 13467 | D:11     | Reached skill level 13 in Maces & Flails
 13785 | D:11     | Mangled by a yak

Illustrated notes

Levels and vault maps discovered:
D:1:      minmay_arrival_arboretum_small, layout_rooms,
          hellmonk_ecumenical_altar_pennies_from_heaven
D:2:      layout_loops_ring
D:3:      minmay_spotlight, layout_basic, mainiacjoe_overflow_swirl
D:4:      layout_basic, minmay_temple_entry_statues_pillars,
          minmay_misc_feat_plants, mrwooster_statue_mirror, minmay_bisected
D:5:      layout_cave_pools, kennysheep_mini, nicolae_uskayaw_en_pointe
D:6:      layout_loops_cross, lemuel_round_altar, cheibrodos_sewer_entry_bend,
          serial_shops, nicolae_square_shop, uniq_grinder
D:7:      nzn_winding_woodlands_small [nzn_winding_woodlands_5x15_sidewinder,
          nzn_winding_woodlands_center_lodge,
          nzn_winding_woodlands_5x15_concentric], layout_cave_pools
D:8:      layout_gridville, grunt_tough_drop
D:9:      layout_long_grid, vehumet_crystals
D:10:     layout_stronghold, minmay_lair_entry_grove, orc_0_dummy
D:11:     layout_small_grid

Skill      XL: |  1  2  3  4  5  6  7  8  9 10 11 |
---------------+----------------------------------+-----
Shields        | 4 5 6 7 |  7.6
Armour         | 4 5 6 7 9 11 12 | 12.1
Fighting       | 4 5 6 7 8 9 |  9.9
Maces & Flails | 3 4 5 7 9 10 12 13 | 13.0
Dodging        | 1 2 3 5 6 7 |  7.0
Stealth        | 1 2 |  2.3
Evocations     | 1 |  1.3
Throwing       | |  0.8

Action                   |  1- 3 |  4- 6 |  7- 9 | 10-12 || total
-------------------------+-------+-------+-------+-------++-------
Melee: Flail             |    84 |   105 |    20 |       ||   209
       Headbutt          |     6 |    10 |    54 |    63 ||   133
       Whip              |       |       |   332 |   103 ||   435
       Mace              |       |       |       |   271 ||   271
Throw: Dart              |       |       |       |     8 ||     8
Evoke: Wand              |       |       |       |    14 ||    14
  Use: Scroll            |     4 |       |     8 |     7 ||    19
       Potion            |     1 |     2 |    13 |     1 ||    17
Armor: Scale mail        |    52 |    49 |   171 |   161 ||   433
Dodge: Dodged            |    46 |    50 |   113 |   254 ||   463
Block: Buckler           |    25 |    23 |    48 |   110 ||   206
